Workbook
Name _Toc187667831: Stellungnahme!$G$16
Name Tabelle3: Werte!$B$3:$B$7

Sheet Informationen
A1: Hinweis: Bitte dieses Formular im Originalformat (*.xlsx) speichern, umbenennen und übersenden.
A3: GBK
A5: Festlegungsentwurf Datenerhebung Netzleistungsfähigkeit | Geschäftszeichen: GBK-26-02-1#1
A6: Festlegung der Datenerhebung zur Weiterentwicklung der Qualitätsregulierung hinsichtlich der Netzleistungsfähigkeit im Strombereich
A10: Formblatt für die Übermittlung von Stellungnahmen
A12: Unternehmen / Verband / Behörde / Sonstige: (Pflichtfeld) | C12: Unternehmen
C13: Marktrolle: | D13: Sonstiges
B14: Kontaktdaten*:
A15: Nachname: | B15: Fürstenwerth | C15: Vorname: | D15: Daniel
A16: Kürzel: | B16: DF
A17: E-Mail: | B17: daniel@1000gw.de | C17: Telefon: | D17: 15127656192
B18: * Kontaktdaten werden bei Veröffentlichung der Konsultationsbeiträge nicht mitveröffentlicht. Sie dienen ausschließlich eventueller Rückfragen durch die Große Beschlusskammer.
A20: Weiter auf dem nächsten Tabellenblatt >>

Sheet Stellungnahme
A1: Bitte dieses Formular im Originalformat (*.xlsx) speichern, umbenennen und übersenden. Sofern nicht der komplette Text dargestellt werden kann, verwenden Sie bitte die nächste Zeile für Ihre Eingabe.
A2: ="Stellungnahme"&": "&Informationen!A5&" " -> Stellungnahme: Festlegungsentwurf Datenerhebung Netzleistungsfähigkeit | Geschäftszeichen: GBK-26-02-1#1
A4: Nr. | B4: Tenorziffer (Pflichtfeld) | C4: Bezug | D4: ! | E4: Weitere Auswahl (optional) | F4: Thema (optional) | G4: Stellungnahme | H4: Einreicher
A5: 6 | B5: Abschnitt 7 „Digitale Prozesse und Systeme“ des Erhebungsbogens (Kapitel II.7.6 der Festlegung) | C5: Nur Strom | D5: =IF(AND(ISTEXT(B5),ISTEXT(H5),ISTEXT(C5)),"-","!") -> - | F5: Fehlende Datenabfrage in 7: Keine Betrachtung der Digitalen Prozesse und Systeme der VNB im Rahmen des Netzzugangs (kaufmännisch-Bilanzielle Prozesse) | G5: Die aktuelle Definition des Bereichs "Digitale Prozesse und Systeme" im Rahmen des Digitalisierungsindex ist durch die vollständige Exklusion der Belange des Netzzugangs nach §20 1 EnWG im aktuellen Festlegungsentwurf unverhältnissmäßoig stark beschränkt. Damit kann die Datenerhebung nicht die Zielsetzung des Festlegungsverfahrens gerecht werden. Um die Zielsetzung der Festlegung durch die Erfassung der Daten im Bereich "Digitale Prozesse und Systeme" zu erreichen, sind hier relevante Parameter im Bereich des Netzzugangs abzufragen. Ein Netzbetreiber, welcher seine Assets in Kupfer zwar vollständig digitalisiert überwacht, auf der anderen Seite aber jede Aktualisierung der Stammdaten, jeden Prozess für Lieferantenwechsel, jede Ausgleichzahlung für Redispatchmassnahmen und jede Hinterlegung von Formeln von Messkonzepten vollständig händisch macht, würde nach aktueller Logik des Festlegungsentwurfs die maximale Punktzahl in diesem Bereich erreichen können(!). Erste Vorschläge für konkrete Fragen sind: (1) Zu welchem Grad findet die Aktualisierung der Stammdaten in Folge von eingehenden Marktkommunikationsnachrichten automatisch statt (100% vollautomatisch / überwiegend automatisch umgesetzt / überwiegend manuell umgesetzt/ vollständig manuel umgesetzt) (2) Wie stark sind folgende Prozesse mit Bezug zur Stammdatenverwaltung durch den VNB [Tabelle mit Prozessen/Use-Cases nach WIM/GPKE] vollautomatisch umgesetzt/halbautomatisch umgesetzt/manuel umzusetzen, (3) Wie hoch ist der Anteil an Fehlermeldungen als Antworten auf eingehende Marktkommunikationsnachrichten in Relation zu den Antworten die keine Fehlermeldungen sind. ...Aufgrund der sehr hohen Relevanz erscheint eine Ergänzung um einen Fragebogenabschnitt, welcher pro Jahr pro VNB ca. 5h Auswertungen erfordert, hierzu gerechtfertigt. Auch hier kann eine Auswertung durch ein von der BNetzA betriebenes Testsystem (Betriebskosten für die BNetzA <15k EUR pro Jahr) ggü einer Abfrage als Excel in betracht gezogen werden. | H5: =IF(B5="","",Informationen!$C$12) -> Unternehmen | I5: =IF(LEN(G5)>3299,"In der Spalte 'Stellungnahme' befinden sich zu viele Zeichen, bitte nutzen Sie eine weitere Zeile.","")
A6: 7 | B6: Abschnitt 8 „Datenmanagement und Analyse“ des Erhebungsbogens (Kapitel II.7.7 der Festlegung) | C6: Nur Strom | D6: =IF(AND(ISTEXT(B6),ISTEXT(H6),ISTEXT(C6)),"-","!") -> - | F6: Fehlende Datenabfrage in 8: Keine Betrachtung des Datenmanagements der VNB im Rahmen des Netzzugangs (kaufmännisch-bilanzielles Datenmanagement) | G6: Die aktuelle Definition des "Datenmanagements" im Rahmen des Digitalisierungsindex ist durch die vollständige Exklusion der Belange des Netzzugangs nach §20 1 EnWG im aktuellen Festlegungsentwurf unverhältnissmäßoig stark beschränkt. Damit kann die Datenerhebung nicht der Zielsetzung des Festlegungsverfahrens gerecht werden. Um die Zielsetzung der Festlegung durch die Erfassung der Daten im Bereich "Datenmanagement" zu erreichen, sind hier relevante Parameter im Bereich des Netzzugangs im Datenmanagement abzufragen. Dazu gehören beispielsweise die Verwaltung der Stammdaten durch den VNB gemäß dem Stand der Technik, die Vorgabenkonforme Implementierung der Stammdaten-relevanten Prozesse aus GPKE und WIM in verschiedenen Automatisierungsgraden, die Anzahl an Fehlermeldungen die bei Stammdatenanfragen über die Marktkommunikation erfasst werden, etc. Erste Vorschläge für konkrete Fragen sind: (1) Zu welchem Grad findet die Aktualisierung der Stammdaten in Folge von eingehenden Marktkommunikationsnachrichten automatisch statt (100% vollautomatisch / überwiegend automatisch umgesetzt / überwiegend manuell umgesetzt/ vollständig manuel umgesetzt) (2) Wie stark sind folgende Prozesse mit Bezug zur Stammdatenverwaltung durch den VNB [Tabelle mit Prozessen/Use-Cases nach WIM/GPKE] vollautomatisch umgesetzt/halbautomatisch umgesetzt/manuel umzusetzen, (3) Wie hoch ist der Anteil an Fehlermeldungen als Antworten auf eingehende Marktkommunikationsnachrichten in Relation zu den Antworten die keine Fehlermeldungen sind. ...Aufgrund der sehr hohen Relevanz erscheint eine Ergänzung um einen Fragebogenabschnitt, welcher pro Jahr pro VNB ca. 5h Auswertungen erfordert, hierzu gerechtfertigt. Auch hier kann eine Auswertung durch ein von der BNetzA betriebenes Testsystem (Betriebskosten für die BNetzA <15k EUR pro Jahr) ggü einer Abfrage als Excel in betracht gezogen werden. | H6: =IF(B6="","",Informationen!$C$12) -> Unternehmen | I6: =IF(LEN(G6)>3299,"In der Spalte 'Stellungnahme' befinden sich zu viele Zeichen, bitte nutzen Sie eine weitere Zeile.","")
A7: 1 | B7: Datenübermittlung (Tenorziffer 2, Kapitel II.5 der Festlegung) | C7: Nur Strom | D7: =IF(AND(ISTEXT(B7),ISTEXT(H7),ISTEXT(C7)),"-","!") -> - | F7: Blick auf internationale Best-Practices: Unverhältnissmäßig hoher personeller Aufwand kann durch APIs behoben werden | G7: Die Erhebung von Daten in Excel bindet auf der Seite der VNB sehr hohen Aufwand. Insbesondere die für die Netzservicequalität erforderlichen Daten, wie zb Dauer von Netzanschlussprozessen, sind im Fall von erwünschten (!) IT-Systemumstellungen und IT-Systemverbesserungen der Netzbetreiber nur schwer zu erheben und mit viel manuellem Aufwand verbunden. Dadurch entstehen Kosten für die Netznutzer und wertvolle Ressourcen von Fachkräften werden dauerhaft gebunden. Internationale Best-Practices zeigen bereits, wie diese Kosten vermieden werden können. So werden bei dem Regulator in Georgien einmalig alle IT-Netzanschlussysteme der Netzbetreiber an ein zentrales Datenmangementsystem des Regulators angebunden ("electronic Journal"). Diese Best PRactice ist im 7ten Benchmarking-Report des Verbandes der Europäischen Regulierer auf Seite 174 beschrieben: www.ceer.eu/wp-content/uploads/2024/04/7th-Benchmarking-Report-2022.pdf. Der Regulator enthält zu vorher definierten Punkten - zB. erstmalige Kontaktaufnahme, fertige Netzantragsstellung, Positive oder negative erste Rückmeldung, etc - ein entsprechenden Input weitergeleitet. Dies ist heute mittels APIs problemlos möglich, der Aufwand zur Datenverwaltung durch den Regulator ist nicht höher als im Fall der heute genutzten Excel-Datenbanken. Bereits bestehende definierte Schritte - wie zB. in dem BMWE-Prozess zur Beschleunigung der Netzanschlüsse - können hierfür genutzt werden. Statt einem jährlich wiederkehrenden signifikanten Aufwand für Datenerhebung entsteht je VNB ledilglich einmalig der Aufwand für die Anbindung des eigenen IT-Systems mittels API an die Datenbank des Regulators. | H7: =IF(B7="","",Informationen!$C$12) -> Unternehmen | I7: =IF(LEN(G7)>3299,"In der Spalte 'Stellungnahme' befinden sich zu viele Zeichen, bitte nutzen Sie eine weitere Zeile.","")
A8: 2 | B8: Datenübermittlung (Tenorziffer 2, Kapitel II.5 der Festlegung) | C8: Nur Strom | D8: =IF(AND(ISTEXT(B8),ISTEXT(H8),ISTEXT(C8)),"-","!") -> - | F8: Stand der Technik der Datenübermittlung | G8: Mit Blick auf die von der BNEtzA richtigerweise (!) angestrebte Digitalisierung der VNB sollte die BNetzA mit gutem Beispiel vorangehen und auf innovativere Techniken der Datenerhebung setzen. Ein Beispiel kann das oben genannte Vorgehen in Georgien bilden. Auch eigene innovative Ideen sind zu begrüßen | H8: =IF(B8="","",Informationen!$C$12) -> Unternehmen | I8: =IF(LEN(G8)>3299,"In der Spalte 'Stellungnahme' befinden sich zu viele Zeichen, bitte nutzen Sie eine weitere Zeile.","")
A9: 12 | B9: Erhebungsbogen (Anhang zur Festlegung, Kapitel II.7 der Festlegung) | C9: Nur Strom | D9: =IF(AND(ISTEXT(B9),ISTEXT(H9),ISTEXT(C9)),"-","!") -> - | F9: Fehlender Vergleich des Aufwand der Datenerhebung mit EU-weiten Best-Practices | G9: In dem Festlegungsentwurf reagiert die Bundesnetzagentur deutlich auf die Rückmeldungen zu den bisherigen Konsultationen, welche die als zu hoch bewertete Anzahl an Datenabfragen kritisiert haben. Diese Rückmeldungen kamen zu überwiegendem Teil von den betroffenen Netzbetreibern / Netzanschlussgebern. Die Perspektive der Netzanschlussnutzer wurde in den bisherigen Konsultationsbeiträgen nicht relevant gespiegelt. Folglich überrascht es nicht, dass es bisher wenige Konsultationsbeiträge gab, welche die Datenabfragen als unzureichend und nicht ausführlich genug bewertet haben. Die Bundesnetzagentur hat bisher die Chance verpasst, eine neutrale Einordnung der Anzahl der Datenerhebungen - zum Beispiel anhand von Vergleichen mit dem Vorgehen in anderen Europäischen Ländern - vorzunehmen. Bereits eine kurze Recherche (welche aus nicht einfach nachvollziehbaren Gründen nicht Gegenstand des Gutachtens war) zeigt hierzu ein eindeutiges Bild. Gerade in Ländern, in denen die Kundenzufriedenheit mit den VNB höher ist und die digitale Performance der VNB weit über der in Deutschalnd liegt, übersteigt der Umfang der Datenerhebungen den von der Bundesnetzagentur vorgeschlagenen signifikant. Als Beispiele mögen die Datenerhebungsbögen in UK (mit Ergebnissen der Perfomance der VNB auf einem vollständig anderen Niveau als in DE), in IT und ES dienen. Es erscheint angemessen für die Bundesnetzagentur, sich hier nicht auf "gefühlte" Überforderung von den bewerteten Unternehmen einzulassen, sondern anhand von faktenbasierten Vergleichen mit anderen Regulatoren in EU-Ländern selber zu messen, inwiefern das "gefühlte" Übermass an Datenerhebungen ein berechtigtes Anliegen oder eher ein natürlicher und nachvollziehbarer Reflex von regulierten Unternehmen mit privatwirtschaftlichen Interessen ist. Vorgebrachte Eindrücke ohne belastbare Grundlage sollten die Bundesnetzagentur nicht in ihrer Aufgabe der Gestaltung einer bestmöglichen Anreizregulierung sowie der Erhebung der dafür erforderlichen Daten abhalten. | H9: =IF(B9="","",Informationen!$C$12) -> Unternehmen | I9: =IF(LEN(G9)>3299,"In der Spalte 'Stellungnahme' befinden sich zu viele Zeichen, bitte nutzen Sie eine weitere Zeile.","")
A10: 3 | B10: Erhebungsbogen (Anhang zur Festlegung, Kapitel II.7 der Festlegung) | C10: Nur Strom | D10: =IF(AND(ISTEXT(B10),ISTEXT(H10),ISTEXT(C10)),"-","!") -> - | F10: Offenheit für zukünftige, innovative Prozesse der Datenerhebung in der Festlegung sicherstellen | G10: Mit Blick auf internationale Best-Practices in der Qualitätsregulierung, inbesondere in der Erhebung von Daten für die Netzsservicequalität, sind Datenerhebungen alleine über Excel nicht Stand der Technik bzw. wurden in vielen Fällen von Regulatoren durch innovativere Vorgehen ersetzt. Dazu zählen das obige Beispiel in Georgien sowie zB in UK die Vorgehen mittels "Customer Surveys" und die Einrichtung von Experten Panels. Dabei werden Daten nicht ausschliesslich von den VNB selber erhoben und an den Regulator weitergegeben. Vielmehr werden Aufrufe für Eingaben veröffentlicht und durch ein Expertenpanel mit starker Repräsentanz der Netzanschlussnutzer je VNB ausgewertet. Dieses Vorgehen wurde als Ergebnis umfangreicher und langjähriger Erfahrungen mit Datenerhebungen alleine auf Basis von Excel-Datenerhebungen eingeführt. Da die BNetzA aktuell erstmalig weitere Qualitätskriterien neben SAIDI zu erheben anstrebt, erscheint es sehr angemessen von den hierzu in den letzten Jahrzenten im EU-Ausland gesammelten Erfahrungen zu profitieren. Zumindest auf Basis der öffentlich einsehbaren Informationen hat bei der BNetzA keine explizite Betrachtung von verschiedenen Arten und Weisen der Datenerhebung in anderen Europäischen Ländern stattgefunden. Vielmehr scheint es eine "Vorfestlegung" auf eine ausschliessliche Abfrage via Excel gegeben zu haben. Mit Blick auf das weitere Vorgehen sollte hier in der Festlegung klargestellt werden, dass insbesondere für den wichtigen Bereich der Netzservicequalität neue Verfahren der Datenerhebung eingeführt werden können, zusätzlich zu den kurzfristig festzulegenden Erhebungen via Excel. | H10: =IF(B10="","",Informationen!$C$12) -> Unternehmen | I10: =IF(LEN(G10)>3299,"In der Spalte 'Stellungnahme' befinden sich zu viele Zeichen, bitte nutzen Sie eine weitere Zeile.","")
A11: 5 | B11: Erhebungsbogen (Anhang zur Festlegung, Kapitel II.7 der Festlegung) | C11: Nur Strom | D11: =IF(AND(ISTEXT(B11),ISTEXT(H11),ISTEXT(C11)),"-","!") -> - | F11: Austausch mit internationalen Regulieren über Best-Practices der Datenerhebung | G11: Eine Berücksichtigung von internationalen Best Practices ist bei den Methoden zur Datenerhebung in dem Entwurf der Festlegung nicht sichtbar. Es scheint erstrebenswert und für die Energiewende vorteilhaft, wenn die Mitarbeitenden der BNetzA sich hierzu stärker mit zB. Europäischen Regulierern austauschen und Best Practices der Datenerhebung ermitteln. | H11: =IF(B11="","",Informationen!$C$12) -> Unternehmen | I11: =IF(LEN(G11)>3299,"In der Spalte 'Stellungnahme' befinden sich zu viele Zeichen, bitte nutzen Sie eine weitere Zeile.","")
A12: 8 | B12: Abschnitt Abschnitt 9 „Kundenmanagement“ des Erhebungsbogens (Kapitel II.7.8 der Festlegung) | C12: Nur Strom | D12: =IF(AND(ISTEXT(B12),ISTEXT(H12),ISTEXT(C12)),"-","!") -> - | F12: Fehlende Datenabfrage in 9: Keine Betrachtung des Kundenmanagements im Rahmen des Netzzugangs (Verwaltung und Kommunikation zu kaufmännisch-bilanziellen Abwicklung von Kundenanliegen) | G12: Die aktuelle Definition des "Kundenmanagements" im Rahmen des Digitalisierungsindex wird durch die vollständige Exklusion der Belange des Netzzugangs nach §20 1 EnWG im aktuellen Festlegungsentwurf in einer für die Zielsetzung des Festlegungsverfahrens sehr nachteiligen Art und Weise eingeschränkt. Um die Zielsetzung der Festlegung durch die Erfassung der Daten im Bereich "Kundenmanagement" zu unterstützen, sollten hier relevante Parameter im Bereich des Netzzugangs im Kundenmanagement abgefragt werden. Dazu gehören beispielsweise die automatisierte Option für Bestellungen des §14a Modul 1/2/3, die Möglichkeit zur Übermittlung von Teilnehmenden und Aufteilungsschlüsseln im Rahmen von Gemeinschaftlicher Gebäudversorgung und Mieterstrom (sowie zukünftig Energy Sharing), die Möglichkeit zur Bestellung von spezifischen Messkonzepten für Elektromobilität, Wärmepumpen und stromsystemunterstützenden Speicher, und weiterer Belange. Erste Vorschläge für konkrete Fragen könnten sein: (1) kann in ihrem Kundenportal die Bestellung für [Tabelle: Modul 3, Messkonzept für grün&grau genutzte Speicher,...] bestellt werden. (2) Können in ihrem Kundenportal die Teilnehmenden und der Aufteilungsschlüssel übermittelt werden für [Tabelle: GGV/ Mieterstrom/Energy Sharing]. Eie Priorisierung der entsprechenden Anwendungsfälle / die Gestaltung der Anreizfunktion hierzu kann im Nachgang im Rahmen der Methodenfestlegung erfolgen - eine Datenerfassung wie bisher hier vorgeschlagen mit ausschliesslichem Fokus auf den Pflichtenbereich "Netzanschluss" wird der Zielsetzung der Festlegung jedoch keinesfalls gerecht. | H12: =IF(B12="","",Informationen!$C$12) -> Unternehmen | I12: =IF(LEN(G12)>3299,"In der Spalte 'Stellungnahme' befinden sich zu viele Zeichen, bitte nutzen Sie eine weitere Zeile.","")
A13: 9 | B13: Abschnitt Abschnitt 9 „Kundenmanagement“ des Erhebungsbogens (Kapitel II.7.8 der Festlegung) | C13: Nur Strom | D13: =IF(AND(ISTEXT(B13),ISTEXT(H13),ISTEXT(C13)),"-","!") -> - | F13: Fehlende Berücksichtung von Best-Practices im Internationalen Kontext mit Kundenmanagement | G13: Unabhängig von der separat und nachfolgend zu erhebenden Frage der Kundenzufriedenheit (welche EU-Weit bereits absoluter Standard der Anreizregulierung ist) erscheint es sinnvoll in dem Bereich "Kundenmanagement" als Unterpunkt des "Digitalisierungsindex" nicht ausschliesslich auf die Prozesse zu fokussieren, welche den beauftragten Gutachtern offensichtlich gut bekannt waren. Vielmehr scheint es angemessen, hier von den entsprechenden Erhebungsformularen aus anderen EU-Ländern zu lernen. So werden zB. standardmäßig in UK, AUS, IT, ES Quantitative Abfragen erhoben, wie viele Kundenanfragen erhalten wurden, wieviele davon unbeantwortet wurden (zB. hotline-dropouts), wie viele Anfragen über Social Media eingegangen und beantwortet wurden etc. Sofern eine Digitalisierung des Kundenmanagements gemäß einer Vision für die Jahre 2030+ angestrebt wird, erscheint es nicht angemessen, die Abfragen alleine auf die Mindestkriterien der frühern 2010er zu fokussieren. | H13: =IF(B13="","",Informationen!$C$12) -> Unternehmen | I13: =IF(LEN(G13)>3299,"In der Spalte 'Stellungnahme' befinden sich zu viele Zeichen, bitte nutzen Sie eine weitere Zeile.","")
A14: 13 | B14: Erhebungsbogen (Anhang zur Festlegung, Kapitel II.7 der Festlegung) | C14: Nur Strom | D14: =IF(AND(ISTEXT(B14),ISTEXT(H14),ISTEXT(C14)),"-","!") -> - | F14: Ersatz für die weggefallenen Fragen zu "Marktbetrieb" | G14: Mit der Abrage zu "Marktbetrieb" waren die einzigen Parameter abgefragt, welche die Qualität des VNB mit Blick auf die Erledigung der Pflichten im Bereich des Netzzugang betroffen haben. Insbesondere wurde darin die mit Blick auf das vom BMWE angestrebte Ziel der Abschaffung der festen Einspeisevergütung besonders wichtige Thema der Direktvermarktung von erwarteten Millionen kleiner PV-Anlagen ersatzlos gestrichen. Inhaltlich erscheint es angemessen, die entsprechenden Ziele im Rahmen der Datenerhebung weiter zu verfolgen. Dafür besonders geeignet sind konkrete Fragen zu den für den Marktbetrieb kleiner PV-Anlagen besonders relevanten Prozesse, welche vollautomatisch ablaufen sollten. An geeigneter Stelle - zum Beispiel innerhalb der "Digitalisierung der Prozesses" im Digitalisierungsindex könnten entsprechende Abfragen vorgenommen werden. Folgende Fragen erscheinen hierfür angemessen in Abschnitt 7: (1) Wird die Bereitstellung einer MaLo-ID gemäß §8b EEG unabhängig von der Inbetriebnahme einer PV-Anlage innerhalb von 4 Wochen nach Netzanschlusszusage gewährleistet (2) Wird der gemäß Festlegung BK6-24-174 verpflichtende Prozess "Neuanlage" vollautomatisiert umgesetzt, (3) finden die Prozesse zum Wechsel der Bilanzierung nach Einbau eines Smart Meters (Kapitel 7 der BDEW-Anwendungshilfe zu LF24) vollautomatisch statt und innerhalb welcher Zeitdauer (<2 Tage, <5 Tage, <10Tage, <20 Tage, <30 Tage) | H14: =IF(B14="","",Informationen!$C$12) -> Unternehmen | I14: =IF(LEN(G14)>3299,"In der Spalte 'Stellungnahme' befinden sich zu viele Zeichen, bitte nutzen Sie eine weitere Zeile.","")
A15: 15 | B15: Abschnitt 4 „Netzanschlussbegehren Erzeugungsanlagen“ und Abschnitt 5 „Netzanschlussbegehren von Verbrauchseinrichtungen und Speichern“ des Erhebungsbogens (Kapitel II.7.4 der Festlegung) | C15: Nur Strom | D15: =IF(AND(ISTEXT(B15),ISTEXT(H15),ISTEXT(C15)),"-","!") -> - | F15: Unklare Doppelzählungen von Anschlussbegehren in Vorjahren | G15: Die aktuelle Definition 4.2 birgt eine signifikante Gefahr dazu, dass Netzanschlussanträge aus den Vorjahren als neue Anträge erfasst werden - da nicht exakt klargestellt wird, wann es sich um ein "angepasstes" Projekt und wann es sich um ein "neues" Projekt handelt, welches erstmalig vollständig beantragt wird. Gerade mit Blick auf evtl. neue Netzanträge nach der Einführung von FCAs könnte dies relevant werden. Eine innovative Art der Datenübermittlung mittels API zwischen VNB-Systemen und der BNEtzA-Datenbank - wie die vom Regulator in Georgien angewandte (Beschreibung oben) - könnte hier einfache Abhilfe schaffen. | H15: =IF(B15="","",Informationen!$C$12) -> Unternehmen | I15: =IF(LEN(G15)>3299,"In der Spalte 'Stellungnahme' befinden sich zu viele Zeichen, bitte nutzen Sie eine weitere Zeile.","")
A16: 16 | B16: Abschnitt 4 „Netzanschlussbegehren Erzeugungsanlagen“ und Abschnitt 5 „Netzanschlussbegehren von Verbrauchseinrichtungen und Speichern“ des Erhebungsbogens (Kapitel II.7.4 der Festlegung) | C16: Nur Strom | D16: =IF(AND(ISTEXT(B16),ISTEXT(H16),ISTEXT(C16)),"-","!") -> - | F16: Sehr hoher Aufwand in der Datenerfassung und erwartete schlechte Datenqualität | G16: Die Kriterien 4.3.1 und 4.3.2 sind erwartungsgemäß mit einm hohen Zeitaufwand für die Erhebung verbunden. Gleichzeitig sind diese absolut zentrale Kriterien um die Performance der VNB zu erfassen. Eine innovative IT-Lösung wie die in Georgien angwandte (API-Basierte Übermittlung der Netzanschlussprozessdaten an den Regulator) kann hier Arbeit erleichten und Qualität der Datenerfassung verbessern. | H16: =IF(B16="","",Informationen!$C$12) -> Unternehmen | I16: =IF(LEN(G16)>3299,"In der Spalte 'Stellungnahme' befinden sich zu viele Zeichen, bitte nutzen Sie eine weitere Zeile.","")
... A24: 24 | B24: Abschnitt Abschnitt 9 „Kundenmanagement“ des Erhebungsbogens (Kapitel II.7.8 der Festlegung) | C24: Nur Strom | D24: =IF(AND(ISTEXT(B24),ISTEXT(H24),ISTEXT(C24)),"-","!") -> - | F24: Erhebung von Qualitätsrelevanter Daten statt Gesetzeserfüllung | G24: Bei den Fragen 9.1 und 9.4 handelt es sich größtenteils um die Abfrage nach der Erfüllung von Gesetzen. Um eine relevante Anreizwirkung zu entfalten, könnten hier qualitative Kriterien in Betracht gezogen werden. Statt "Bearbeitung und Beantwortung von Netzanschlussbegehren" (=gesetzliche Pflicht?) könnte zB. abgefragt werden, "Beantwortung von Netzanschlussbegehren innerhalb von a / b /c /d Tagen". Gleiches könnte auf die Frage 9.6.1 und andere angewendet werden: wie lange dauert die Angabe des nächstgelegenen Netzverknüpfungspunktes, der Kostenschätzung etc. --> hierdurch könnte im Rahmen der Methodenfestlegung ein Anreiz gegeben werden, um besser zu werden indem neue Software eingeführt wird. | H24: =IF(B24="","",Informationen!$C$12) -> Unternehmen | I24: =IF(LEN(G24)>3299,"In der Spalte 'Stellungnahme' befinden sich zu viele Zeichen, bitte nutzen Sie eine weitere Zeile.","")
A25: 25 | D25: =IF(AND(ISTEXT(B25),ISTEXT(H25),ISTEXT(C25)),"-","!") -> ! | H25: =IF(B25="","",Informationen!$C$12) | I25: =IF(LEN(G25)>3299,"In der Spalte 'Stellungnahme' befinden sich zu viele Zeichen, bitte nutzen Sie eine weitere Zeile.","")
A26: 26 | D26: =IF(AND(ISTEXT(B26),ISTEXT(H26),ISTEXT(C26)),"-","!") -> ! | H26: =IF(B26="","",Informationen!$C$12) | I26: =IF(LEN(G26)>3299,"In der Spalte 'Stellungnahme' befinden sich zu viele Zeichen, bitte nutzen Sie eine weitere Zeile.","")
A27: 27 | D27: =IF(AND(ISTEXT(B27),ISTEXT(H27),ISTEXT(C27)),"-","!") -> ! | H27: =IF(B27="","",Informationen!$C$12) | I27: =IF(LEN(G27)>3299,"In der Spalte 'Stellungnahme' befinden sich zu viele Zeichen, bitte nutzen Sie eine weitere Zeile.","")
A28: 28 | D28: =IF(AND(ISTEXT(B28),ISTEXT(H28),ISTEXT(C28)),"-","!") -> ! | H28: =IF(B28="","",Informationen!$C$12) | I28: =IF(LEN(G28)>3299,"In der Spalte 'Stellungnahme' befinden sich zu viele Zeichen, bitte nutzen Sie eine weitere Zeile.","")
A29: 29 | D29: =IF(AND(ISTEXT(B29),ISTEXT(H29),ISTEXT(C29)),"-","!") -> ! | H29: =IF(B29="","",Informationen!$C$12) | I29: =IF(LEN(G29)>3299,"In der Spalte 'Stellungnahme' befinden sich zu viele Zeichen, bitte nutzen Sie eine weitere Zeile.","")
A30: 30 | D30: =IF(AND(ISTEXT(B30),ISTEXT(H30),ISTEXT(C30)),"-","!") -> ! | H30: =IF(B30="","",Informationen!$C$12) | I30: =IF(LEN(G30)>3299,"In der Spalte 'Stellungnahme' befinden sich zu viele Zeichen, bitte nutzen Sie eine weitere Zeile.","")
A31: 31 | D31: =IF(AND(ISTEXT(B31),ISTEXT(H31),ISTEXT(C31)),"-","!") -> ! | H31: =IF(B31="","",Informationen!$C$12) | I31: =IF(LEN(G31)>3299,"In der Spalte 'Stellungnahme' befinden sich zu viele Zeichen, bitte nutzen Sie eine weitere Zeile.","")
A32: 32 | D32: =IF(AND(ISTEXT(B32),ISTEXT(H32),ISTEXT(C32)),"-","!") -> ! | H32: =IF(B32="","",Informationen!$C$12) | I32: =IF(LEN(G32)>3299,"In der Spalte 'Stellungnahme' befinden sich zu viele Zeichen, bitte nutzen Sie eine weitere Zeile.","")
A33: 33 | D33: =IF(AND(ISTEXT(B33),ISTEXT(H33),ISTEXT(C33)),"-","!") -> ! | H33: =IF(B33="","",Informationen!$C$12) | I33: =IF(LEN(G33)>3299,"In der Spalte 'Stellungnahme' befinden sich zu viele Zeichen, bitte nutzen Sie eine weitere Zeile.","")
A34: 34 | D34: =IF(AND(ISTEXT(B34),ISTEXT(H34),ISTEXT(C34)),"-","!") -> ! | H34: =IF(B34="","",Informationen!$C$12) | I34: =IF(LEN(G34)>3299,"In der Spalte 'Stellungnahme' befinden sich zu viele Zeichen, bitte nutzen Sie eine weitere Zeile.","")
A35: 35 | D35: =IF(AND(ISTEXT(B35),ISTEXT(H35),ISTEXT(C35)),"-","!") -> ! | H35: =IF(B35="","",Informationen!$C$12) | I35: =IF(LEN(G35)>3299,"In der Spalte 'Stellungnahme' befinden sich zu viele Zeichen, bitte nutzen Sie eine weitere Zeile.","")
A36: 36 | D36: =IF(AND(ISTEXT(B36),ISTEXT(H36),ISTEXT(C36)),"-","!") -> ! | H36: =IF(B36="","",Informationen!$C$12) | I36: =IF(LEN(G36)>3299,"In der Spalte 'Stellungnahme' befinden sich zu viele Zeichen, bitte nutzen Sie eine weitere Zeile.","")
... A282: 292 | D282: =IF(AND(ISTEXT(B282),ISTEXT(H282),ISTEXT(C282)),"-","!") -> ! | H282: =IF(B282="","",Informationen!$C$12) | I282: =IF(LEN(G282)>3299,"In der Spalte 'Stellungnahme' befinden sich zu viele Zeichen, bitte nutzen Sie eine weitere Zeile.","")

Sheet Werte
A1: Wertetabellen Tabellenblatt nach der Bearbeitung ausblenden!
A2: Tenorziffer | B2: Text | C2: Optional Text | D2: Sonderauswahl
A3: Adressaten der Festlegung (Tenorziffer 1 , Kapitel II.4 der Festlegung) | D3: VNB Strom
A4: Datenübermittlung (Tenorziffer 2, Kapitel II.5 der Festlegung) | D4: VNB Gas
A5: Verpflichtung zur fristgebundenen Datenübermittlung; Datenumfang (Tenorziffer 2.1, Kapitel II.5.1 der Festlegung) | D5: VNB Strom und Gas
A6: Übermittlung des Erhebungsbogens (Tenorziffer 2.2, Kapitel II.5.2 der Festlegung) | D6: Verband
A7: Datendefinitionen (Tenorziffer 2.3, Kapitel II.5.3 der Festlegung) | D7: Behörde
A8: Bezugszeitraum der Daten (Tenorziffer 2.4, Kapitel II.5.4 der Festlegung) | D8: Privatperson
A9: Elektronische Übermittlung (Tenorziffer 2.5, Kapitel II.5.5 der Festlegung) | D9: FNB Gas
A10: Verschlüsselung der Daten (Tenorziffer 2.6, Kapitel II.5.6 der Festlegung) | D10: ÜNB
A11: Gebühren (Tenorziffer 3, Kapitel II.6 der Festlegung) | D11: Sonstiges
A12: Erhebungsbogen (Anhang zur Festlegung, Kapitel II.7 der Festlegung)
A13: Abschnitt 1 „Allgemeine Angaben“ des Erhebungsbogens (Kapitel II.7.1 der Festlegung)
A14: Abschnitt 2 „Strukturdaten“ des Erhebungsbogens (Kapitel II.7.2 der Festlegung)
A15: Abschnitt 3 „Angeschlossene Leistung nach Technologie“ des Erhebungsbogens (Kapitel II.7.3 der Festlegung)
A16: Abschnitt 4 „Netzanschlussbegehren Erzeugungsanlagen“ und Abschnitt 5 „Netzanschlussbegehren von Verbrauchseinrichtungen und Speichern“ des Erhebungsbogens (Kapitel II.7.4 der Festlegung) | D16: Strom und Gas
A17: Abschnitt 6 „Smart Grids“ des Erhebungsbogens (Kapitel II.7.5 der Festlegung) | D17: Nur Strom
A18: Abschnitt 7 „Digitale Prozesse und Systeme“ des Erhebungsbogens (Kapitel II.7.6 der Festlegung) | D18: Nur Gas
A19: Abschnitt 8 „Datenmanagement und Analyse“ des Erhebungsbogens (Kapitel II.7.7 der Festlegung)
A20: Abschnitt Abschnitt 9 „Kundenmanagement“ des Erhebungsbogens (Kapitel II.7.8 der Festlegung)
A21: Aus- und Weiterbildung (Kapitel II.7.9 der Festlegung)
A22: Sonstiges

Sheet Marktrollen
A1: Marktrollen | D1: Wertetabellen
A2: ÜNB/BIKO | D2: Tabellenblatt nach der Bearbeitung ausblenden!
A3: VNB
A4: BKV
A5: LF
A6: MSB
A7: AB
A8: Verband
A9: Behörde
A10: Sonstiges
